 Dungeon Crawl Stone Soup version 0.32-a0-868-g153ae1a8d6 (webtiles) character file.

Game seed: 5327467597058947838

11627 runemasterragnar the Grappler (level 11, -8/74 HPs)
             Began as an Octopode Shapeshifter on Mar 28, 2024.
             Was an Initiate of Gozag.
             Mangled by a cane toad (15 damage)
             ... on level 1 of the Lair of Beasts.
             The game lasted 00:15:45 (11973 turns).

runemasterragnar the Grappler (OpSh)               Turns: 11973, Time: 00:15:45

Health: -8/74      AC:  1    Str: 35    XL:     11   Next: 80%
Magic:  11/11      EV: 24    Int: 19    God:    Gozag
Gold:   1117       SH:  5    Dex: 12    Spells: 10/10 levels left

rFire   . .          .
                       - Unarmed
rCold   . . .        (no shield)
rNeg    . . .        (helmet currently unavailable)
rPois   .            g - amulet of reflection
rElec   .            h - ring of resist corrosion
rCorr   +            u - +6 ring of strength
SInv    .            v - +6 ring of strength
Will    .....        y - +4 ring of slaying
Stlth   +++++        F - +6 ring of intelligence
HPRegen 0.32/turn    J - +5 ring of evasion
MPRegen 0.12/turn    O - +5 ring of evasion
                     P - +6 ring of strength

%: reflection
@: about to teleport, beast-form, hasted, very quick
A: beast (slay +4), almost no armour, amphibious, 8 rings, camouflage 1,
gelatinous body 1, (nimble swimmer 1), tentacles
a: Begin Untransformation, Renounce Religion, Potion Petition, Call Merchant,
Bribe Branch


You were on level 1 of the Lair of Beasts.
You worshipped Gozag.
Gozag was most pleased with you.
You were a hulking beast.
You visited 3 branches of the dungeon, and saw 14 of its levels.
You also visited: Sewer.

You collected 1454 gold pieces.
You paid 337 gold pieces to Gozag.

Inventory:

Jewellery
 g - an amulet of reflection (around mantle)
 h - a ring of resist corrosion (left tentacle)
 t - an amulet of the acrobat
 u - a +6 ring of strength (right tentacle)
 v - a +6 ring of strength (on tentacle)
 y - a +4 ring of slaying (on tentacle)
 F - a +6 ring of intelligence (on tentacle)
 J - a +5 ring of evasion (on tentacle)
 O - a +5 ring of evasion (on tentacle)
 P - a +6 ring of strength (on tentacle)
Talismans
 b - a beast talisman (active)
 c - a flux talisman
Wands
 q - a wand of charming (14)
 H - a wand of polymorph (3)
 I - a wand of mindburst (33)
 M - a wand of flame (9)
Scrolls
 e - 3 scrolls of poison {unknown}
 f - 2 scrolls of noise
 j - 3 scrolls of amnesia {unknown}
 m - 2 scrolls of blinking {unknown}
 n - 2 scrolls of fog
 o - a scroll of immolation {unknown}
 p - 2 scrolls of silence {unknown}
 r - 4 scrolls of teleportation
 E - 3 scrolls of enchant armour {unknown}
 K - 2 scrolls of enchant weapon
 L - 2 scrolls of butterflies
Potions
 a - 3 potions of lignification
 d - a potion of magic
 i - 5 potions of brilliance
 k - 4 potions of might {unknown}
 l - 9 potions of curing
 s - 2 potions of berserk rage {unknown}
 w - 2 potions of degeneration
 x - 2 potions of invisibility {unknown}
 z - 3 potions of mutation {unknown}
 A - 2 potions of haste {unknown}
 B - 3 potions of cancellation {unknown}
 C - 4 potions of heal wounds
 G - 2 potions of enlightenment {unknown}
Miscellaneous
 N - a Gell's gravitambourine (1/2)


   Skills:
 + Level 6.8 Fighting
 + Level 7.1 Dodging
 + Level 9.1 Stealth
 * Level 9.9 Unarmed Combat
 + Level 6.7 Evocations
 * Level 8.9 Shapeshifting


You had 10 spell levels left.
You didn't know any spells.
Your spell library contained the following spells:

 Spells                   Type           Power      Damage    Failure   Level
 Freeze                   Ice            0%         1d3       21%         1
 Ensorcelled Hibernation  Hex/Ice        0%         N/A       30%         2
 Frozen Ramparts          Ice            0%         1d1       52%         3
 Fugue of the Fallen      Necr           0%         N/A       52%         3
 Hailstorm                Conj/Ice       0%         3d5       52%         3
 Passwall                 Erth           0%         N/A       52%         3
 Swiftness                Air            0%         N/A       52%         3
 Anguish                  Hex/Necr       0%         N/A       90%         4
 Conjure Ball Lightning   Conj/Air       0%         3x3d6     100%        6
 Haunt                    Necr/Summ      0%         N/A       100%        7


Dungeon Overview and Level Annotations

Branches:
Dungeon (12/15)            Temple (1/1) D:7            Lair (1/5) D:9
    Orc (0/2) D:11          Sewer (visited)

Altars:
Ashenzari
Cheibriados
Dithmenos
Elyvilon
Fedhas
Gozag
Hepliaklqana
Kikubaaqudgha
Makhleb
Nemelex Xobeh
Okawaru
Qazlal
Ru
Sif Muna
Trog
Uskayaw
Vehumet
Wu Jian
Xom
Yredelemnul
Zin
The Shining One

Shops:
D:1 *   D:5 **

Portals:
Trove: D:11 (give +7 demon blade)

Annotations:
D:4 3 runed translucent doors, DimondSprtn's ghost, amateur DrWr
D:9 1 runed translucent door, mitya21's ghost, novice DsSh


Innate Abilities, Weirdness & Mutations

You are a hulking beast.
Your limbs bulge with bestial killing power. (Slay +4)
You cannot wear most types of armour.
You are amphibious.
You can wear up to eight rings at the same time.
Your skin changes colour to match your surroundings (Stealth+).
Your rubbery body absorbs attacks. (AC +1, EV +1)
((You are camouflaged when in or above water. (Stealth+)))
You have tentacles for arms and can constrict up to eight enemies at once.


Message History

You hear a bellow!
You hear a loud, deep croak!
You batter the fungus!!
The fungus begins to die.
You grab the fungus. You squeeze the fungus!
The fungus is moderately damaged.
You constrict the fungus!
You release your grip on the fungus.
The komodo dragon barely misses you. The yak attacks as it pursues you!
The yak gores you! The yak closely misses you.
A nearby fungus withers and dies.
The komodo dragon attacks as it pursues you!
The komodo dragon bites you!!
* * * LOW HITPOINT WARNING * * *
You hear a bellow! x2
Found 10 gold pieces.
Okay, then.
You feel much better. The yak misses you. The komodo dragon misses you.
Okay, then. [a] - 210 gold - haste [b] - 297 gold - curing and magic [c] - 250 gold - haste Purchase which effect?
You feel yourself speed up. The yak gores you!!
* * * LOW HITPOINT WARNING * * *
The komodo dragon misses you.
A water moccasin, a bullfrog and a cane toad come into view.
The water moccasin moves out of view.
The bullfrog moves out of view.
A yak comes into view.
The water moccasin hisses angrily.
The cane toad gives a loud, deep croak!
You batter the yak!! You squeeze the yak!!
The yak is almost dead.
Unknown command.
As you read the scroll of teleportation, it crumbles to dust.
You feel strangely unstable. The yak closely misses you.
Unknown command.
The yak attacks as it pursues you! The yak gores you!
* * * LOW HITPOINT WARNING * * *
The cane toad attacks as it pursues you!
The cane toad stings you!
You die...
Your body crumbles into a pile of gold.

*** ##### *## *,**
####.#.#######.. *,,*
###P#....#####....
*#.###........####.....
#........##...##......
*...###l####..........
*****,*,*#Y.#.##..........
**,**,,*###.Y.Y..#.........
**,,,*,**#.hF...S..#........
****,,,,,,**##........##.......
*,,,,,,,,*,**.........###......
***,>,,,,*,***#.....F....###.....
*,,,,,,,,,,* *...........####....
*,,,,,,,,,***#............###....
*,,,,,,,,,,**............Y.##....
**,,,,,,,,,,..............##...#.
**,,,,,**,,,,,,,,,,,,,,.##...#.#


You could see a komodo dragon, 3 yaks, a cane toad, a water moccasin and a
bullfrog (wandering).

Vanquished Creatures
  A boulder beetle (Lair:1)
  A cyclops (D:12)
  A manticore (D:11)
  Joseph (D:8)
  An unseen horror (D:11)
  Maggie (D:7)
  A cane toad (Lair:1)
  Psyche (D:10)
  3 trolls
  A hornet (D:8)
  Sigmund (D:3)
  3 shadows
  8 yaks
  4 wyverns
  2 wraiths
  A vampire mosquito (D:12)
  An acid dragon (D:10)
  Edmund (D:6)
  5 water moccasins
  5 orc warriors
  A sky beast (D:6)
  2 ice beasts
  3 ogres (D:11)
  6 centaurs
  A crocodile (Sewer)
  A phantom (D:7)
  6 kobold brigands
  A bullfrog (D:7)
  A gnoll sergeant (D:11)
  7 scorpions
  3 wights (D:8)
  7 killer bees
  A howler monkey (D:8)
  4 bombardier beetles
  A gnoll bouda (D:6)
  9 orc priests
  2 jellies
  2 iguanas
  3 sleepcaps
  4 orc wizards
  6 gnolls
  2 river rats (Sewer)
  9 adders
  4 white imps
  2 dart slugs
  3 ribbon worms
  40 orcs
  8 bats
  10 endoplasms
  8 giant cockroaches
  7 goblins
  7 hobgoblins
  4 jackals (D:2)
  23 kobolds
  6 quokkas
  9 ball pythons
  5 frilled lizards
  8 rats
269 creatures vanquished.

Vanquished Creatures (collateral kills)
  2 yaks (D:9)
  An orc priest (D:9)
3 creatures vanquished.

Vanquished Creatures (others)
  An ugly thing (D:9)
  A wyvern (D:9)
  A yak (D:9)
  A gnoll sergeant (D:11)
4 creatures vanquished.

Grand Total: 276 creatures vanquished

Notes
Turn   | Place    | Note
-------+----------+-------------------------------------------
     0 | D:1      | runemasterragnar the Octopode Shapeshifter began the quest
                  | for the Orb.
     0 | D:1      | Reached XP level 1. HP: 13/13 MP: 1/1
    69 | D:1      | Reached XP level 2. HP: 15/18 MP: 2/2
   225 | D:1      | Found a faded altar of an unknown god.
   227 | D:1      | Reached skill level 1 in Stealth
   406 | D:1      | Reached XP level 3. HP: 23/23 MP: 3/3
   642 | D:1      | Found Nisem's General Store.
  1049 | D:2      | Reached XP level 4. HP: 14/29 MP: 4/4
  1736 | D:3      | Found a broken altar of Ashenzari.
  1795 | D:3      | Reached XP level 5. HP: 23/34 MP: 5/5
  2018 | D:3      | Reached skill level 1 in Evocations
  2050 | D:3      | Noticed Sigmund
  2055 | D:3      | Killed Sigmund
  2056 | D:3      | Reached XP level 6. HP: 24/41 MP: 6/6
  2544 | D:4      | Reached XP level 7. HP: 36/45 MP: 7/7
  2584 | D:4      | Noticed DimondSprtn's ghost (amateur DrWr)
  2587 | D:4      | Found a runed translucent gate.
  2587 | D:4      | Found a runed translucent gate.
  2588 | D:4      | Found a runed translucent gate.
  2677 | D:4      | Found a glowing drain.
  2688 | Sewer    | Entered a sewer
  2710 | Sewer    | Reached skill level 5 in Unarmed Combat
  2982 | Sewer    | Reached XP level 8. HP: 46/52 MP: 8/8
  3120 | D:4      | Found a glowing golden altar of the Shining One.
  3799 | D:4      | Reached skill level 5 in Shapeshifting
  3834 | D:4      | Found an iron altar of Okawaru.
  4055 | D:5      | Entered Level 5 of the Dungeon
  4645 | D:5      | Found Etsoxol's Specific Store.
  4648 | D:5      | Found Wimiema's General Store.
  4676 | D:5      | Reached skill level 5 in Stealth
  5193 | D:6      | Noticed Edmund
  5213 | D:6      | Reached XP level 9. HP: 35/58 MP: 9/9
  6117 | D:7      | Identified the +5 rapier "Idunoc" {pain, rPois rC+ rN+
                  | rCorr}
  6290 | D:7      | Noticed Maggie
  6292 | D:7      | Reached skill level 5 in Dodging
  6305 | D:7      | Killed Maggie
  6509 | D:7      | Found an ancient bone altar of Kikubaaqudgha.
  6542 | D:7      | Found a staircase to the Ecumenical Temple.
  6716 | Temple   | Entered the Ecumenical Temple
  6721 | Temple   | Became a worshipper of Gozag Ym Sagoz the Greedy
  6786 | D:8      | Found a hide-covered altar of Uskayaw.
  6823 | D:8      | Noticed Joseph
  7032 | D:8      | Got the Elucidation of the Phantasmal Fifth Circle
  7041 | D:8      | Noticed a hornet
  7044 | D:8      | Killed a hornet
  7045 | D:8      | Reached skill level 5 in Fighting
  7045 | D:8      | Reached XP level 10. HP: 66/66 MP: 10/10
  7232 | D:8      | Reached skill level 5 in Evocations
  7444 | D:8      | Killed Joseph
  8157 | D:9      | HP: 1/66 [orc warrior/bolt (9)]
  8425 | D:9      | Noticed a green ugly thing
  8712 | D:9      | Found a staircase to the Lair.
  8739 | D:9      | Found a runed translucent door.
  8756 | D:9      | Noticed mitya21's ghost (novice DsSh)
  9505 | D:6      | Killed Edmund
  9632 | D:10     | Entered Level 10 of the Dungeon
  9870 | D:10     | Identified the +5 short sword of the Firefly {flame, rElec
                  | rC+}
  9957 | D:10     | Reached XP level 11. HP: 70/72 MP: 11/11
 10220 | D:10     | Noticed Psyche
 10225 | D:10     | Killed Psyche
 10529 | D:11     | Found a portal to a secret trove of treasure.
 10704 | D:11     | Found a staircase to the Orcish Mines.
 11166 | D:11     | Noticed a manticore
 11172 | D:11     | Killed a manticore
 11710 | D:12     | Noticed a cyclops
 11717 | D:12     | Killed a cyclops
 11818 | D:12     | Noticed a skeletal warrior
 11933 | Lair:1   | Entered Level 1 of the Lair of Beasts
 11933 | Lair:1   | Noticed a boulder beetle
 11941 | Lair:1   | Killed a boulder beetle
 11973 | Lair:1   | Mangled by a cane toad

Illustrated notes

Levels and vault maps discovered:
D:1:      mrwooster_arrival_arrow, layout_basic, ebering_ecumenical_altar_hall,
          serial_shops, nicolae_lakefront_shop, serial_park_tiny_pond,
          moated_statue, minmay_splitting_lines, nicolae_grassy_gnolls
D:2:      layout_basic
D:3:      minmay_razor_zed, layout_rooms, lemuel_crystal_altar, serial_rivers,
          chequers_serial_rivers_micro_c, chequers_serial_rivers_micro_d,
          chequers_serial_rivers_small_b, chequers_serial_rivers_small_b,
          chequers_serial_rivers_marsh, chequers_serial_rivers_marsh,
          uniq_sigmund
D:4:      layout_cave_pods, tso_oasis_becter, kennysheep_mini_moat,
          gammafunk_ghost_split, portal_sewer_entry_f, minmay_fractal_squares_5
D:5:      layout_cave_pools, grunt_decor_mini_mirrors,
          kennysheep_cluttered_room, nicolae_specific_store
D:6:      layout_rooms, nicolae_zen_rock_garden, uniq_edmund
D:7:      layout_rooms, mainiacjoe_overflow_tiny_flanked,
          minmay_temple_entry_purple_smoke, nrook_campfire, uniq_maggie
D:8:      layout_gridville, kennysheep_little_box, kennysheep_generic_room_12,
          uniq_joseph
D:9:      layout_stronghold, minmay_lair_entry_grove,
          hellmonk_ghost_happy_afterlife
D:10:     layout_roguey, uniq_psyche
D:11:     layout_irregular_city, kennysheep_orc_monster_closet_entryway,
          nicolae_trove_entry_diagonal, nicolae_the_louvre
D:12:     layout_irregular_city
Temple:   sentei_temple_godly_chess
Lair:1:   layout_cave_pods, portal_ice_cave_entry_pillars_1, basic_altar,
          ebering_ghost_rock_garden

Skill      XL: |  1  2  3  4  5  6  7  8  9 10 11 |
---------------+----------------------------------+-----
Stealth        | 1 2 3 4 5 6 7 9 |  9.1
Fighting       | 2 3 4 5 6 |  6.8
Unarmed Combat | 4 5 6 7 8 9 |  9.9
Evocations     | 1 2 3 4 5 6 |  6.7
Dodging        | 3 4 5 6 7 |  7.1
Shapeshifting  | 4 5 6 7 8 |  8.9

Action                     |  1- 3 |  4- 6 |  7- 9 | 10-12 || total
---------------------------+-------+-------+-------+-------++-------
  Melee: Unarmed           |    61 |    73 |   189 |   166 ||   489
         Constrict         |    13 |    14 |    54 |    18 ||    99
         Tentacles         |     7 |    13 |    49 |    37 ||   106
         Punch             |     2 |     2 |    11 |    20 ||    35
 Invoke: Potion Petition   |       |       |       |     1 ||     1
  Evoke: Wand              |       |       |     3 |    11 ||    14
         Gell's gravitambo |       |       |       |     1 ||     1
    Use: Scroll            |       |       |     9 |     6 ||    15
         Potion            |       |       |       |    10 ||    10
   Stab: Sleeping          |     7 |    12 |    12 |     8 ||    39
 Armour: Skin              |    31 |    20 |    67 |    87 ||   205
  Dodge: Dodged            |    38 |    29 |   124 |    96 ||   287
  Block: Other             |       |       |    17 |    19 ||    36
   Form: Beast             |       |       |     1 |       ||     1
         Flux              |       |       |     1 |       ||     1

Table legend: (Time is in decaauts)
 A = Elapsed time spent in this place.
 B = Non-inter-level travel time spent in this place.
 C = Inter-level travel time spent in this place.
 D = Time resting spent in this place.
 E = Time spent auto-exploring this place.
 F = Levels seen in this place.
 G = Mean time per level.
                   A        B        C        D        E       F      G
               +--------+--------+--------+--------+--------+-----+--------+
         Total |  11925 |  11210 |    715 |   1981 |   7287 |  15 |  795.0 |
       Dungeon |  11516 |  10802 |    714 |   1981 |   7082 |  12 |  959.7 |
        Temple |      8 |      8 |      0 |      0 |      0 |   1 |    8.0 |
          Lair |     35 |     35 |      0 |      0 |      0 |   1 |   35.0 |
         Sewer |    364 |    364 |      0 |      0 |    205 |   1 |  364.0 |
               +--------+--------+--------+--------+--------+-----+--------+

Top non-repeatable levels by time:
     D:9: 1635 daAuts
     D:4: 1254 daAuts
     D:6: 1248 daAuts
    D:11: 1110 daAuts
     D:3: 936 daAuts
     D:8: 910 daAuts
     D:2: 908 daAuts
     D:5: 903 daAuts
    D:10: 833 daAuts
     D:7: 770 daAuts
     D:1: 681 daAuts
   Sewer: 364 daAuts
    D:12: 322 daAuts
  Lair:1: 35 daAuts
  Temple: 8 daAuts
